 Dungeon Crawl Stone Soup version 0.28-a0-1415-g7c84da036a (webtiles) character file.

Game seed: 13146269294535958593

34 lonewolfV2 the Ruffian (level 3, -2/28 HPs)
             Began as a Draconian Transmuter on Jan 7, 2022.
             Slain by a gnoll (5 damage)
             ... on level 2 of the Dungeon.
             The game lasted 00:04:02 (1541 turns).

lonewolfV2 the Ruffian (Draconian Transmuter)       Turns: 1541, Time: 00:04:02

Health: -2/28      AC:  5    Str: 12    XL:     3   Next: 14%
Magic:  3/6        EV: 12    Int: 15    God:
Gold:   17         SH:  0    Dex: 11    Spells: 3/6 levels left

rFire   . . .      SeeInvis .   c - +1 short sword (venom)
rCold   . . .      Faith    .   (no shield)
rNeg    . . .      Spirit   .   (armour unavailable)
rPois   .          Reflect  .   (helmet restricted)
rElec   .          Harm     .   (no cloak)
rCorr   .          Rampage  .   (no gloves)
Will    .....                   (no boots)
Stlth   +.........              (no amulet)
HPRegen 0.09/turn               (no ring)
MPRegen 0.10/turn               (no ring)

@: no status effects
A: AC +5, unfitting armour, cold-blooded
a: no special abilities


You were on level 2 of the Dungeon.
You visited 1 branch of the dungeon, and saw 2 of its levels.

You collected 17 gold pieces.

Inventory:

Hand Weapons
 c - a +1 short sword of venom (weapon)


   Skills:
 + Level 1.5 Fighting
 + Level 2.0 Dodging
 + Level 0.1 Stealth
 + Level 3.4 Unarmed Combat
 + Level 2.2 Spellcasting
 + Level 2.4 Transmutations


You had 3 spell levels left.
You knew the following spells:

 Your Spells              Type           Power      Damage    Failure   Level
a - Beastly Appendage     Tmut           18%        N/A       8%          1
b - Wereblood             Tmut           9%         N/A       12%         2

Your spell library contained the following spells:

 Spells                   Type           Power      Damage    Failure   Level
 Spider Form              Tmut/Pois      5%         N/A       36%         3
 Ozocubu's Armour         Ice            1%         N/A       54%         3
 Ice Form                 Ice/Tmut       5%         N/A       78%         4
 Metabolic Englaciation   Hex/Ice        0%         N/A       99%         5
 Simulacrum               Ice/Necr       0%         N/A       100%        6


Dungeon Overview and Level Annotations

Branches:
Dungeon (2/15)

Altars:


Innate Abilities, Weirdness & Mutations

Your plain brown scales are hard. (AC +5)
You cannot fit into any form of body armour.
You are cold-blooded and may be slowed by cold attacks.


Message History

Casting: Wereblood (safe; 12% risk of failure)
Confirm with . or Enter, or press ? or * to list all spells.
Your blood is infused with primal strength.
You feel sick. The adder barely misses you.
Casting: Wereblood (safe; 12% risk of failure)
Confirm with . or Enter, or press ? or * to list all spells.
You miscast Beastly Appendage.
You are very lightly contaminated with residual magic.
Nothing appears to happen.
You feel sick. The adder closely misses you.
A gnoll comes into view. It is wielding a +0 flail.
The adder barely misses you. The hobgoblin barely misses you.
You closely miss the gnoll.
Your tail-slap misses the gnoll.
You feel sick. The adder barely misses you. The gnoll hits you with a +0 club.
The hobgoblin closely misses you.
You hit the gnoll.
The gnoll is poisoned.
The gnoll is lightly wounded.
You feel sick.
You are no longer poisoned.
The adder bites you. The gnoll barely misses you. The hobgoblin hits you.
* * * LOW HITPOINT WARNING * * *
The adder bites you but does no damage.
It was a potion of cancellation.
Your magical effects are unravelling.
You feel magically purged.
Your magical contamination has completely faded away.
Your primal bloodlust has ended.
The gnoll hits you with a +0 club.
* * * LOW HITPOINT WARNING * * *
The adder bites you but does no damage. The hobgoblin barely misses you.
You closely miss the adder.
The adder is almost dead.
The adder closely misses you. The gnoll hits you with a +0 club.
* * * LOW HITPOINT WARNING * * *
The hobgoblin hits you.
* * * LOW HITPOINT WARNING * * *
You closely miss the adder.
The adder is almost dead.
The gnoll shouts!
The adder bites you but does no damage. The gnoll hits you with a +0 club.
You die...

########### .........<#
.########## .# .# .#
############.
.############...........g
†.............†.@g.g...g.
...........)....Sg.......
.############............
.....##..................
####.##..................
#.##.....$...###......
#.##.........# ......
#.##.........# ...#..
#.##...........


You could see 3 gnolls, an adder (poisoned) and a hobgoblin.

Vanquished Creatures
  A worm (D:2)
  3 ball pythons (D:1)
  5 bats (D:1)
  3 endoplasms (D:1)
  A goblin (D:1)
  2 hobgoblins (D:1)
  4 quokkas
  A frilled lizard (D:2)
  7 kobolds
  3 rats
30 creatures vanquished.

Notes
Turn   | Place    | Note
-------+----------+-------------------------------------------
     0 | D:1      | lonewolfV2 the Draconian Transmuter began the quest for the
                  | Orb.
     0 | D:1      | Reached XP level 1. HP: 16/16 MP: 3/3
   590 | D:1      | Reached XP level 2. HP: 23/23 MP: 3/5
   825 | D:1      | Learned a level 2 spell: Wereblood
  1361 | D:2      | Reached XP level 3. HP: 28/28 MP: 2/6
  1479 | D:2      | Found a faded altar of an unknown god.
  1541 | D:2      | Slain by a gnoll

Illustrated notes

Levels and vault maps discovered:
D:1:      dpeg_arrival_rhombus, layout_basic
D:2:      layout_basic, hellmonk_ecumenical_altar_lost_god, minmay_pentomino_u2

Skill      XL: |  1  2 |
---------------+-------+-----
Dodging        | 2 |  2.0
Fighting       | |  1.5
Stealth        | |  0.1
Unarmed Combat | |  3.4
Spellcasting   | |  2.2
Transmutations | |  2.4

Action                   || total
-------------------------++-------
Melee: Unarmed           ||    45
       Kick              ||     6
       Tailslap          ||     5
       Headbutt          ||     6
       Short sword       ||    25
       Punch             ||     4
 Cast: Beastly Appendage ||    14
       Wereblood         ||     6
  Use: Scroll            ||     3
       Potion            ||     1
 Stab: Sleeping          ||     1
Armor: Skin              ||    49
Dodge: Dodged            ||    74

Table legend: (Time is in decaauts)
 A = Elapsed time spent in this place.
 B = Non-inter-level travel time spent in this place.
 C = Inter-level travel time spent in this place.
 D = Time resting spent in this place.
 E = Time spent auto-exploring this place.
 F = Levels seen in this place.
 G = Mean time per level.
                   A        B        C        D        E       F      G
               +--------+--------+--------+--------+--------+-----+--------+
         Total |   1543 |   1521 |     22 |    425 |    766 |   2 |  771.5 |
       Dungeon |   1543 |   1521 |     22 |    425 |    766 |   2 |  771.5 |
               +--------+--------+--------+--------+--------+-----+--------+

Top non-repeatable levels by time:
     D:1: 1340 daAuts
     D:2: 202 daAuts
